 Dungeon Crawl Stone Soup version 0.31-a0-700-gf13585253f (webtiles) character file.

Game seed: 7768169412861859529

18 bmack86 the Shield-Bearer (level 2, -2/26 HPs)
             Began as a Minotaur Fighter on Sept 7, 2023.
             Succumbed to a hobgoblin's curare-tipped dart
             ... on level 2 of the Dungeon.
             The game lasted 00:02:21 (649 turns).

bmack86 the Shield-Bearer (Minotaur Fighter)         Turns: 649, Time: 00:02:21

Health: -2/26      AC: 11    Str: 20    XL:     2   Next: 48%
Magic:  1/1        EV:  5    Int:  5    God:
Gold:   68         SH:  4    Dex:  9    Spells: 1/1 levels left

rFire   . . .        a - +0 war axe
rCold   . . .        c - +0 buckler
rNeg    . . .        f - +0 plate armour
rPois   .            (helmet restricted)
rElec   .            (no cloak)
rCorr   .            (no gloves)
SInv    .            (no boots)
Will    +....        (no amulet) Stlth
                     (no ring)
HPRegen 0.24/turn    (no ring)
MPRegen 0.07/turn

%: no passive effects
@: lethally poisoned (-2 -> -16), enlightened, flying, slowed, very slow
A: horns 2, retaliatory headbutt
a: no special abilities


You were on level 2 of the Dungeon.
You visited 1 branch of the dungeon, and saw 2 of its levels.

You collected 68 gold pieces.

Inventory:

Hand Weapons
 a - a +0 war axe (weapon)
Armour
 b - a +0 scale mail
 c - a +0 buckler (worn)
 f - a +0 plate armour (worn)
Scrolls
 e - 2 scrolls of identify {unknown}
 g - a scroll of fear {unknown}
 i - a scroll of revelation {unknown}
 j - a scroll of blinking {unknown}
Potions
 d - a potion of might


   Skills:
 - Level 3.6 Fighting
 + Level 3.0 Axes
 - Level 3.6 Armour
 * Level 4.4 Shields


You had one spell level left.
You didn't know any spells.
Your spell library was empty.

Dungeon Overview and Level Annotations

Branches:
Dungeon (2/15)

Altars:


Innate Abilities, Weirdness & Mutations

You have a pair of horns on your head.
You reflexively headbutt those who attack you in melee.


Message History

You kill the endoplasm!
You slash the ball python!
You kill the ball python!
Done exploring.
Done exploring.
There is a stone staircase leading down here.
You climb downwards.
Found 31 gold pieces and 2 poisoned darts.
Found a stone staircase leading up.
There is a stone staircase leading up here.
You now have 34 gold pieces (gained 3).
You now have 50 gold pieces (gained 16).
You now have 62 gold pieces (gained 12).
Found an escape hatch in the floor.
Found a stone staircase leading up.
An endoplasm comes into view.
The endoplasm quivers.
Found 6 gold pieces.
You slash the endoplasm!
You kill the endoplasm!
Your Axes skill increases to level 3!
Found a leather armour.
You now have 68 gold pieces (gained 6).
A hobgoblin comes into view. It is quivering curare-tipped darts.
The hobgoblin shouts!
The hobgoblin throws a curare-tipped dart.
The curare-tipped dart hits you.
You are poisoned.
You have difficulty breathing.
You feel yourself slow down.
You feel very sick.
The hobgoblin throws a curare-tipped dart.
The curare-tipped dart hits you.
You are lethally poisoned!
You have difficulty breathing.
* * * LOW HITPOINT WARNING * * *
You feel as though you will be slow longer.
It was a potion of enlightenment.
You feel very buoyant.
You fly up into the air.
You die...

#.. ####### #.# .
#.. #.....# #.#..
#.. #.....# ##.#..
#.# #.....# #....
#.###.....####.###
#................#
#.#.#.....###.##.#
####.#.#######
#.##.# #...@#.#
#.##.#
#...........
..##.#
#......#####
####.# #........
#.. #......#.#
#####.. ...g...#.#
#...... #........
# #......
#.....#### #..<..#
#######


You could see a hobgoblin.

Vanquished Creatures
  3 bats (D:1)
  2 endoplasms
  A goblin (D:1)
  2 hobgoblins (D:1)
  A quokka (D:1)
  4 ball pythons (D:1)
  2 frilled lizards (D:1)
  3 rats (D:1)
18 creatures vanquished.

Notes
Turn   | Place    | Note
-------+----------+-------------------------------------------
     0 | D:1      | bmack86 the Minotaur Fighter began the quest for the Orb.
     0 | D:1      | Reached XP level 1. HP: 19/19 MP: 0/0
   146 | D:1      | Reached skill level 4 in Shields
   247 | D:1      | Reached XP level 2. HP: 26/26 MP: 1/1
   649 | D:2      | Succumbed to a hobgoblin's curare-tipped dart

Illustrated notes

Levels and vault maps discovered:
D:1:      wander_arrival_desolate, layout_loops_ring, serial_forest,
          infiniplex_forest_lined_2, infiniplex_forest_lined_3,
          infiniplex_forest_lined_room_3, infiniplex_forest_end_1,
          infiniplex_forest_side_room, infiniplex_forest_lined_room_,
          infiniplex_forest_clump_medium
D:2:      layout_basic, minmay_split_cup_small, uniq_jessica, uniq_sigmund

Skill      XL: |  1  2 |
---------------+-------+-----
Shields        | 4 |  4.4
Axes           | 3 |  3.0
Fighting       | |  3.6
Armour         | |  3.6

Action                     || total
---------------------------++-------
  Melee: War axe           ||    32
         Headbutt          ||     3
    Use: Potion            ||     1
 Armour: Scale mail        ||     5
         Plate armour      ||    18
  Dodge: Dodged            ||    15
  Block: Buckler           ||     2

Table legend: (Time is in decaauts)
 A = Elapsed time spent in this place.
 B = Non-inter-level travel time spent in this place.
 C = Inter-level travel time spent in this place.
 D = Time resting spent in this place.
 E = Time spent auto-exploring this place.
 F = Levels seen in this place.
 G = Mean time per level.
                   A        B        C        D        E       F      G
               +--------+--------+--------+--------+--------+-----+--------+
         Total |    661 |    652 |      9 |      0 |    484 |   2 |  330.5 |
       Dungeon |    661 |    652 |      9 |      0 |    484 |   2 |  330.5 |
               +--------+--------+--------+--------+--------+-----+--------+

Top non-repeatable levels by time:
     D:1: 601 daAuts
     D:2: 60 daAuts
